 Dungeon Crawl Stone Soup version 0.21.0-24-g2553a33 (webtiles) character file.

120 Jatast the Skirmisher (level 4, 0/35 HPs)
             Began as a Demonspawn Wanderer on Jan 20, 2018.
             Slain by a black bear (5 damage)
             ... on level 3 of the Dungeon.
             The game lasted 00:06:20 (3104 turns).

Jatast the Skirmisher (Demonspawn Wanderer)         Turns: 3104, Time: 00:06:21

Health: 0/35       AC:  5    Str: 11    XL:     4   Next: 75%
Magic:  5/5        EV:  9    Int: 13    God:
Gold:   119        SH:  3    Dex: 15    Spells: 4/5 levels left

rFire    . . .     SeeInvis .   a - +0 morningstar
rCold    . . .     Gourm    .   w - +0 buckler
rNeg     . . .     Faith    .   p - +0 ring mail
rPois    .         Spirit   .   (no helmet)
rElec    .         Reflect  .   (no cloak)
rCorr    .         Harm     .   (no gloves)
MR       .....                  (no boots)
Stlth    +.........             (no amulet)
HPRegen  0.11/turn              q - ring of wizardry
MPRegen  0.09/turn              (no ring)

@: no status effects
A: hooves 1
a: no special abilities


You were on level 3 of the Dungeon.
You were not hungry.

You visited 1 branch of the dungeon, and saw 3 of its levels.

You collected 119 gold pieces.

Inventory:

Hand Weapons
 a - a +0 morningstar (weapon)
 b - a +0 hunting sling
 h - a +0 dagger
Missiles
 l - 24 stones (quivered)
Armour
 p - a +0 ring mail (worn)
 w - a +0 buckler (worn)
Jewellery
 q - a ring of wizardry (left hand)
Scrolls
 c - 3 scrolls of teleportation
 e - 8 scrolls of identify {unknown}
 g - a scroll of remove curse {unknown}
 j - 2 scrolls of amnesia {unknown}
 k - a scroll of fear {unknown}
 m - 2 scrolls of enchant weapon {unknown}
 n - a scroll of enchant armour {unknown}
 u - a scroll of immolation {unknown}
Potions
 i - a potion of curing
 o - a potion of berserk rage {unknown}
 r - a potion of might {unknown}
 s - a potion of invisibility {unknown}
 t - a potion of lignification {unknown}
 v - a potion of heal wounds {unknown}
Books
 d - a book of Geomancy

   Spells                             Type                      Level
   a - Sandblast                      Earth                        1
   b - Passwall                       Transmutation/Earth          2
   c - Stone Arrow                    Conjuration/Earth            3
   d - Petrify                        Transmutation/Earth          4
   e - Lee's Rapid Deconstruction     Earth                        5
Comestibles
 f - 4 rations


   Skills:
 - Level 3.2 Fighting
 + Level 2.0 Maces & Flails
   Level 1.0 Crossbows
 - Level 3.0 Armour
 - Level 1.0 Dodging
 + Level 0.3 Shields
 - Level 1.0 Spellcasting
   Level 1.7 Transmutations
   Level 2.0 Evocations


You had 4 spell levels left.
You knew the following spells:

 Your Spells              Type           Power        Failure   Level  Hunger
a - Sandblast             Erth           #.....       38%         1    ##.....


Dungeon Overview and Level Annotations

Branches:
Dungeon (3/15)

Altars:

Annotations:
D:2 Sigmund


Innate Abilities, Weirdness & Mutations

You have large cloven feet.


Message History

You hit the black bear but do no damage.
Your kick misses the black bear.
The black bear is heavily wounded.
The black bear bites you.
The black bear claws you but does no damage.
The black bear claws you.
You are too injured to fight recklessly!
You sock the black bear!
The black bear is almost dead.
The black bear goes berserk!
The black bear bites you!
* * * LOW HITPOINT WARNING * * *
The black bear claws you.
* * * LOW HITPOINT WARNING * * *
The black bear claws you but does no damage.
You feel better.
The black bear bites you but does no damage.
The black bear claws you.
* * * LOW HITPOINT WARNING * * *
The black bear claws you.
You die...

#. #.# ####. #.#
########.... #.#
............ #.#
########.... #.#
#.... #.# #....
#h# #.... #@#
#.... #(# ##.##
#.# #.# #.# #.#
#.# #.# #.# #.#
#.# #.# #.# #.#
#.#############.#


You could see a black bear (berserk).

Vanquished Creatures
  A centaur zombie (D:3)
  An adder (D:3)
  A worm (D:2)
  A dart slug (D:3)
  3 leopard geckos
  10 orcs (D:3)
  10 bats
  3 giant cockroaches
  3 goblins (D:1)
  4 hobgoblins
  2 jackals (D:3)
  2 quokkas
  3 ball pythons
  4 frilled lizards
  5 kobolds
  5 rats
58 creatures vanquished.

Notes
Turn   | Place    | Note
-------+----------+-------------------------------------------
     0 | D:1      | Jatast the Demonspawn Wanderer began the quest for the Orb.
     0 | D:1      | Jatast set off with: a book of Geomancy, a +0 ring mail, a scroll of teleportation, a +0 dagger, a ration
     0 | D:1      | Reached XP level 1. HP: 15/15 MP: 2/2
    22 | D:1      | Learned a level 1 spell: Sandblast
   324 | D:1      | Gained mutation: You have large cloven feet. [demonic ancestry]
   324 | D:1      | Reached XP level 2. HP: 13/22 MP: 3/3
  1227 | D:2      | Reached XP level 3. HP: 23/28 MP: 4/4
  1742 | D:2      | Noticed Sigmund
  2146 | D:3      | Reached skill level 1 in Dodging
  2677 | D:3      | Reached XP level 4. HP: 27/35 MP: 5/5
  2851 | D:3      | Reached skill level 1 in Maces & Flails
  3094 | D:3      | Noticed a black bear
  3104 | D:3      | Slain by a black bear

Skill      XL: |  1  2  3  4 |
---------------+-------------+-----
Fighting       | 2 3 |  3.2
Armour         | 3 |  3.0
Dodging        | 1 |  1.0
Maces & Flails | 2 |  2.0
Crossbows      | |  1.0
Shields        | |  0.3
Spellcasting   | |  1.0
Transmutations | |  1.7
Evocations     | |  2.0

Action                   |  1- 3 |  4- 6 || total
-------------------------+-------+-------++-------
Melee: Dagger            |   216 |       ||   216
       Kick              |    37 |    13 ||    50
       Morningstar       |    13 |    29 ||    42
 Fire: Hunting sling     |    37 |       ||    37
  Use: Potion            |     1 |     1 ||     2
  Eat: Chunk             |     5 |     2 ||     7
Armor: Ring mail         |   131 |    19 ||   150
Dodge: Dodged            |   112 |    24 ||   136
Block: Buckler           |       |     6 ||     6
